 Dungeon Crawl Stone Soup version 0.30.1-1-g62c8e00024 (webtiles) character file.

Game seed: 15431169990195850331

225 GeoRichter the Poker (level 5, -4/67 HPs)
             Began as a Draconian Warper on July 14, 2023.
             Slain by a kobold brigand
             ... wielding a +0 dagger
              (5 damage)
             ... in a sewer.
             The game lasted 00:04:47 (2679 turns).

GeoRichter the Poker (Draconian Warper)             Turns: 2679, Time: 00:04:48

Health: -4/67      AC:  5    Str: 15    XL:     5   Next: 68%
Magic:  8/8        EV: 12    Int: 20    God:
Gold:   170        SH:  0    Dex: 10    Spells: 4/8 levels left

rFire   . . .        a - +0 spear
rCold   . . .        (no shield)
rNeg    . . .        (body armour unavailable)
rPois   .            (helmet restricted)
rElec   .            (no cloak)
rCorr   .            (no gloves)
SInv    .            (no boots)
Will    .....        (no amulet) Stlth
                     n - +6 ring of intelligence
HPRegen 0.31/turn    (no ring)
MPRegen 0.11/turn

%: no passive effects
@: berserking, very quick
A: AC +5, unfitting armour, cold-blooded
a: no special abilities


You were in a sewer.
You visited 1 branch of the dungeon, and saw 3 of its levels.
You also visited: Sewer.

You collected 170 gold pieces.

Inventory:

Hand Weapons
 a - a +0 spear (weapon)
 j - a +0 trident
   (You found it on level 1 of the Dungeon)
Missiles
 c - 7 boomerangs of dispersal (quivered) {!f}
 k - a throwing net {!f}
Jewellery
 n - a +6 ring of intelligence (left hand)
   (You found it on level 2 of the Dungeon)
 p - a ring of ice
   (You found it on level 2 of the Dungeon)
Scrolls
 b - 2 scrolls of blinking
 e - a scroll of torment {unknown}
 f - a scroll of teleportation {unknown}
 g - a scroll of brand weapon {unknown}
 h - a scroll of identify {unknown}
 l - a scroll of fog {unknown}
 m - a scroll of amnesia {unknown}
 o - 2 scrolls of noise {!r}
Potions
 d - a potion of invisibility {unknown}
 i - a potion of berserk rage
 q - a potion of haste {unknown}


   Skills:
 - Level 3.3 Fighting
 * Level 5.5 Polearms
 - Level 0.8 Throwing
 - Level 2.1 Dodging
 - Level 2.0 Spellcasting
 - Level 3.0 Translocations


You had 4 spell levels left.
You knew the following spells:

 Your Spells              Type           Power      Damage    Failure   Level
a - Blink                 Tloc           28%        N/A       7%          2
b - Lesser Beckoning      Tloc           28%        N/A       7%          2

Your spell library contained the following spells:

 Spells                   Type           Power      Damage    Failure   Level
 Teleport Other           Tloc           14%        N/A       14%         3
 Vhi's Electric Charge    Tloc/Air       16%        N/A       26%         3
 Manifold Assault         Tloc           14%        N/A       41%         4


Dungeon Overview and Level Annotations

Branches:
Dungeon (3/15) Zot: 15660   Sewer (1/1) Zot: 5642

Altars:
Qazlal


Innate Abilities, Weirdness & Mutations

Your plain brown scales are hard. (AC +5)
You cannot fit into any form of body armour.
You are cold-blooded and may be slowed by cold attacks.


Message History

The kobold brigand is heavily wounded.
You hit the kobold brigand but do no damage.
The kobold brigand is heavily wounded.
The kobold brigand hits you with a +0 dagger.
* * * LOW HITPOINT WARNING * * *
You hit the kobold brigand.
You tail-slap the kobold brigand, but do no damage.
The kobold brigand is heavily wounded.
The kobold brigand hits you but does no damage.
You completely miss the kobold brigand.
The kobold brigand is heavily wounded.
The kobold brigand hits you with a +0 dagger.
* * * LOW HITPOINT WARNING * * *
You hit the kobold brigand.
The kobold brigand is heavily wounded.
The kobold brigand closely misses you.
You hit the kobold brigand.
The kobold brigand is heavily wounded.
You hit the kobold brigand.
Your tail-slap misses the kobold brigand.
The kobold brigand is severely wounded.
The kobold brigand hits you with a +0 dagger.
* * * LOW HITPOINT WARNING * * *
You hit the kobold brigand but do no damage.
The kobold brigand is severely wounded.
The kobold brigand hits you with a +0 dagger.
* * * LOW HITPOINT WARNING * * *
You hit the kobold brigand.
Your tail-slap misses the kobold brigand.
The kobold brigand is almost dead.
The kobold brigand hits you but does no damage.
Unknown command.
You hit the kobold brigand.
The kobold brigand is almost dead.
The kobold brigand hits you but does no damage.
You hit the kobold brigand.
The kobold brigand is almost dead.
You hit the kobold brigand but do no damage.
The kobold brigand is almost dead.
The kobold brigand hits you with a +0 dagger.
* * * LOW HITPOINT WARNING * * *
It was a potion of berserk rage.
A red film seems to cover your vision as you go berserk!
You feel yourself moving faster!
You feel mighty!
The kobold brigand hits you with a +0 dagger!
* * * LOW HITPOINT WARNING * * *
You hit the kobold brigand.
The kobold brigand is almost dead.
The kobold brigand hits you with a +0 dagger.
You die...

#∩ ##########
###.###.....~.~.
#.......~..~~~~~
~~~~~~~~~~~~≈≈≈~
≈≈≈≈≈≈≈≈≈≈≈≈≈≈≈~
~~~~≈~~~~~~~≈≈≈~
#.....~K~~~~~~~.
#@~...~~~~
##~####### #~#
#~# #~# #)# #~#
#~# #)#


You could see a kobold brigand.

Vanquished Creatures
  A kobold brigand (Sewer)
  A jelly (D:2)
  Jessica (D:3)
  2 adders
  A worm (D:2)
  A dart slug (D:2)
  7 ball pythons
  5 bats
  10 endoplasms
  6 giant cockroaches
  A goblin (D:1)
  7 hobgoblins
  4 jackals
  2 quokkas (D:2)
  4 frilled lizards
  11 kobolds
  10 rats
  A spectral kobold (D:3)
75 creatures vanquished.

Notes
Turn   | Place    | Note
-------+----------+-------------------------------------------
     0 | D:1      | GeoRichter the Draconian Warper began the quest for the
                  | Orb.
     0 | D:1      | Reached XP level 1. HP: 17/17 MP: 3/3
   230 | D:1      | Reached XP level 2. HP: 25/25 MP: 5/5
   462 | D:1      | Reached skill level 3 in Polearms
   664 | D:1      | Reached XP level 3. HP: 27/30 MP: 6/6
  1078 | D:2      | Learned a level 2 spell: Blink
  1091 | D:2      | Found a stormy altar of Qazlal.
  1144 | D:1      | Reached XP level 4. HP: 21/38 MP: 7/7
  1254 | D:2      | Reached skill level 4 in Polearms
  2097 | D:3      | Noticed Jessica
  2125 | D:3      | Killed Jessica
  2126 | D:3      | Reached XP level 5. HP: 18/45 MP: 8/8
  2264 | D:3      | Found a faded altar of an unknown god.
  2318 | D:3      | Found a glowing drain.
  2352 | Sewer    | Entered a sewer
  2465 | Sewer    | Reached skill level 5 in Polearms
  2644 | Sewer    | Learned a level 2 spell: Lesser Beckoning
  2678 | Sewer    | HP: 1/67 [kobold brigand/+0 dagger (8)]
  2679 | Sewer    | Slain by a kobold brigand

Illustrated notes

Levels and vault maps discovered:
D:1:      lightli_molten_gateway, layout_loops_corners, minmay_misc_feat_square,
          minmay_shallow_snake_nest
D:2:      layout_basic, basic_altar, minmay_pentomino_pile
D:3:      kennysheep_big_flooded_room, layout_basic,
          mainiacjoe_overflow_small_starburst, gup_sewer_entry_glass,
          dreamdust_ecumenical_altar_drowned_temple, uniq_jessica, uniq_natasha,
          uniq_grinder
Sewer:    sewer_kobolds

Skill      XL: |  1  2  3  4  5 |
---------------+----------------+-----
Polearms       | 3 4 5 |  5.5
Fighting       | 3 |  3.3
Throwing       | |  0.8
Dodging        | |  2.1
Spellcasting   | |  2.0
Translocations | |  3.0

Action                     |  1- 3 |  4- 6 || total
---------------------------+-------+-------++-------
  Melee: Spear             |   117 |   241 ||   358
         Tailslap          |    13 |    27 ||    40
   Cast: Lesser Beckoning  |       |     1 ||     1
    Use: Scroll            |       |     2 ||     2
         Potion            |       |     1 ||     1
   Stab: Sleeping          |     2 |     1 ||     3
 Armour: Skin              |    23 |    55 ||    78
  Dodge: Dodged            |    62 |    87 ||   149
